 Dungeon Crawl Stone Soup version 0.24.0-1-gfbc8707 (webtiles) character file.

Game seed: 4367242498907712097, levelgen mode: deterministic

641 TheGoonsmith the Ruffian (level 7, -1/67 HPs)
             Began as a Troll Monk on Nov 9, 2019.
             Was a Believer of Ru.
             Slain by a bullfrog skeleton (3 damage)
             ... on level 5 of the Dungeon.
             The game lasted 00:05:41 (3055 turns).

TheGoonsmith the Ruffian (Troll Monk)               Turns: 3055, Time: 00:05:42

Health: -1/67      AC:  6    Str: 23 (26) XL:     7   Next: 26%
Magic:  6/6        EV: 11    Int:  5 (6)  God:    Ru [**....]
Gold:   292        SH:  0    Dex: 11 (13) Spells: 6/6 levels left

rFire    . . .     SeeInvis .     - Unarmed
rCold    . . .     Gourm    +   (no shield)
rNeg     . . .     Faith    .   a - +0 robe
rPois    .         Spirit   .   (helmet restricted)
rElec    .         Reflect  .   (no cloak)
rCorr    .         Harm     .   (gloves unavailable)
MR       .....                  (boots unavailable)
Stlth    +.........             (no amulet)
HPRegen  0.61/turn              (no ring)
MPRegen  0.10/turn              (no ring)

@: mighty, marked, very slightly contaminated, invisible
A: large, unfitting armour, claws 3, fast metabolism 3, gourmand, regeneration
1, shaggy fur 1, tough skin 3, inability to use devices
a: Renounce Religion


You were on level 5 of the Dungeon.
You worshipped Ru.
Ru was pleased with you.
You were not hungry.

You visited 2 branches of the dungeon, and saw 6 of its levels.

You collected 292 gold pieces.

Inventory:

Missiles
 q - 6 javelins (quivered)
Armour
 a - a +0 robe (worn)
Jewellery
 j - an uncursed amulet of guardian spirit {unknown}
Wands
 h - a wand of acid (5)
Scrolls
 c - a scroll of remove curse {unknown}
 d - 8 scrolls of identify {unknown}
 g - a scroll of random uselessness {unknown}
 i - a scroll of teleportation {unknown}
 k - a scroll of enchant weapon {unknown}
 o - 2 scrolls of fog {unknown}
 p - 2 scrolls of fear {unknown}
Potions
 e - a potion of invisibility
 f - 4 potions of might
 l - a potion of resistance {unknown}
 n - a potion of mutation {unknown}
Comestibles
 b - 7 rations


   Skills:
 + Level 3.6 Fighting
 + Level 3.6 Dodging
 - Level 1.0 Stealth
 * Level 7.0 Unarmed Combat


You had 6 spell levels left.
You didn't know any spells.
Your spell library was empty.

Dungeon Overview and Level Annotations

Branches:
Dungeon (5/15)             Temple (1/1) D:4

Altars:
Cheibriados
Elyvilon
Fedhas
Gozag
Hepliaklqana
Makhleb
Nemelex Xobeh
Qazlal
Ru
Sif Muna
Trog
Uskayaw
Vehumet
Wu Jian
Xom
Yredelemnul
Zin
The Shining One


Innate Abilities, Weirdness & Mutations

You are too large for most types of armour.
You have claws for hands.
Your metabolism is lightning-fast.
You like to eat raw meat.
Your natural rate of healing is unusually fast.
You are covered in fur. (AC +1)
You have extremely tough skin. (AC +3)
You cannot study or use magical devices.


Message History

Unknown command.
You strike the helpless orc wizard from behind!
You mangle the orc wizard!!
You kill the orc wizard!
The centaur shoots an arrow.
The arrow barely misses the adder.
The arrow barely misses you.
The bullfrog skeleton barely misses you.
Unknown command.
You claw the adder!
You kill the adder!
A jackal comes into view.
The centaur shoots an arrow.
The arrow hits you!
* * * LOW HITPOINT WARNING * * *
The bullfrog skeleton closely misses you.
Unknown command.
It was a potion of degeneration.
There was something very wrong with that liquid.
You feel weakened.
You feel dopey.
You feel clumsy. The bullfrog skeleton hits you.
You die...

#.........#
#........###########
####..##...##.....##..
##.##..##...##.........
#[........(..#.........
#............#.........
#...)c.......#.........
#...)Z.......#......... ###
####..##@##>..##.........
#...##.##..#####...##.....##..
...................##.....##..
>.5.oo..............รท.....##..
...................(.......#..
...o...............(.....<.#..
...###...####.##...##......#..
.. #...# #####..(##......#.. o
....# .........+......#..


You could see a centaur and a bullfrog skeleton.

Vanquished Creatures
  A centaur (D:5)
  2 crimson imps
  3 orc priests
  3 orc wizards
  Jessica (D:2)
  An iguana (D:4)
  Terence (D:3)
  4 worker ants
  A hound skeleton (D:4)
  5 adders
  A worm (D:2)
  A dart slug (D:1)
  3 leopard geckos
  19 orcs
  3 ball pythons
  2 bat zombies (D:1)
  4 giant cockroaches
  10 goblins
  6 hobgoblins
  3 jackals (D:1)
  5 quokkas
  A bat (D:1)
  3 frilled lizards
  8 kobolds
  A leopard gecko skeleton (D:4)
  10 rats
102 creatures vanquished.

Notes
Turn   | Place    | Note
-------+----------+-------------------------------------------
     0 | D:1      | TheGoonsmith the Troll Monk began the quest for the Orb.
     0 | D:1      | Reached XP level 1. HP: 22/22 MP: 0/0
   166 | D:1      | Reached XP level 2. HP: 26/29 MP: 1/1
   292 | D:1      | You fall into a shaft and drop 1 floor!
   317 | D:2      | Noticed Jessica
   321 | D:2      | Killed Jessica
   321 | D:2      | Reached XP level 3. HP: 36/36 MP: 2/2
   947 | D:2      | Reached XP level 4. HP: 38/45 MP: 3/3
  1029 | D:2      | Reached skill level 4 in Unarmed Combat
  1665 | D:2      | Found a shimmering blue altar of Sif Muna.
  1752 | D:3      | Reached XP level 5. HP: 45/53 MP: 4/4
  1760 | D:3      | Reached skill level 5 in Unarmed Combat
  1875 | D:3      | Noticed Terence
  1882 | D:3      | Killed Terence
  1884 | D:3      | Found a white marble altar of Elyvilon.
  1961 | D:3      | Reached skill level 6 in Unarmed Combat
  2242 | D:4      | Reached XP level 6. HP: 61/61 MP: 5/5
  2261 | D:4      | Found a sparkling altar of Nemelex Xobeh.
  2261 | D:4      | Found a blossoming altar of Fedhas.
  2262 | D:4      | Found a sacrificial altar of Ru.
  2268 | D:4      | Became a worshipper of Ru the Awakened
  2272 | D:4      | Noticed a +0 dagger
  2272 | D:4      | Noticed a +0 hand axe
  2273 | D:4      | Found a hide-covered altar of Uskayaw.
  2275 | D:4      | Gained mutation: You cannot study or use magical devices.
                  | [Ru sacrifice]
  2275 | D:4      | Reached * piety under Ru
  2275 | D:4      | Reached ** piety under Ru
  2492 | D:4      | Found a staircase to the Ecumenical Temple.
  2563 | Temple   | Entered the Ecumenical Temple
  2913 | D:5      | Entered Level 5 of the Dungeon
  3033 | D:5      | Reached XP level 7. HP: 53/67 MP: 6/6
  3047 | D:5      | Reached skill level 7 in Unarmed Combat
  3053 | D:5      | HP: 1/67 [centaur/arrow (9)]
  3055 | D:5      | Slain by a bullfrog skeleton

Levels and vault maps discovered:
D:1:      saegor_arrival_fortress, layout_loops_ring,
          minmay_misc_feat_four_crosses
D:2:      layout_basic, lemuel_blue_sif_altar, serial_forest,
          infiniplex_forest_lined_4_way, infiniplex_forest_pool,
          infiniplex_forest_clump_tiny, infiniplex_forest_end_2,
          infiniplex_forest_clump_diagonal, infiniplex_forest_straight_3,
          st_stairs_10, hangedman_decor_peaks_small, uniq_jessica
D:3:      layout_rooms, lemuel_crystal_altar, uniq_terence
D:4:      layout_rooms, gammafunk_temple_overflow_forgotten,
          dancing_weapons_uskayaw, minmay_temple_entry_junction, first_ration
D:5:      layout_gridville
Temple:   minmay_temple_bridge_abc

Skill      XL: |  1  2  3  4  5  6  7 |
---------------+----------------------+-----
Dodging        | 3 |  3.6
Fighting       | 3 |  3.6
Unarmed Combat | 4 6 7 |  7.0
Stealth        | |  1.0

Action                   |  1- 3 |  4- 6 |  7- 9 || total
-------------------------+-------+-------+-------++-------
Melee: Unarmed           |    80 |   166 |    18 ||   264
       Punch             |     1 |     3 |       ||     4
Invok: Sacrifice Artific |       |     1 |       ||     1
  Use: Potion            |       |       |     3 ||     3
 Stab: Sleeping          |     5 |     5 |       ||    10
       Invisible         |       |       |     1 ||     1
  Eat: Chunk             |    14 |    12 |       ||    26
Armor: Robe              |    24 |    40 |     5 ||    69
Dodge: Dodged            |    47 |    72 |    19 ||   138
